 Dungeon Crawl Stone Soup version 0.30-a0-939-gc8157cb160 (webtiles) character file.

Game seed: 13086287147742760115

121 Zorock the Ruffian (level 5, -1/45 HPs)
             Began as a Ghoul Gladiator on Mar 25, 2023.
             Shot with an arrow by a centaur (9 damage)
             ... on level 3 of the Dungeon.
             The game lasted 00:09:50 (1879 turns).

Zorock the Ruffian (Ghoul Gladiator)                Turns: 1879, Time: 00:09:50

Health: -1/45      AC: 10    Str: 18    XL:     5   Next: 5%
Magic:  4/4        EV:  8    Int:  3    God:
Gold:   97         SH:  0    Dex: 12    Spells: 4/4 levels left

rFire   . . .      SeeInvis .      - Unarmed
rCold   + . .      Faith    .    (no shield)
rNeg    + + +      Spirit   .    f - +0 chain mail
rPois   ∞          Reflect  .    b - +0 helmet
rElec   .          Rampage  .    (no cloak)
rCorr   .                        (no gloves)
Will    .....                    q - +0 pair of boots Stlth
                                 (no amulet)
HPRegen 0.00/turn                (no ring)
MPRegen 0.09/turn                (no ring)

@: inhibited regen
A: claws 1, cold resistance 1, negative energy resistance 3, inhibited
regeneration, torment resistance 2, devour on kill
a: no special abilities


You were on level 3 of the Dungeon.
You visited 1 branch of the dungeon, and saw 3 of its levels.

You collected 97 gold pieces.

Inventory:

Hand Weapons
 e - a +0 trident
 o - a +0 war axe
Missiles
 c - 3 throwing nets (quivered)
 d - 4 javelins
 j - 6 boomerangs
Armour
 a - a +0 leather armour
 b - a +0 helmet (worn)
 f - a +0 chain mail (worn)
 h - a +0 robe
 q - a +0 pair of boots (worn)
 s - a +0 ring mail
Jewellery
 g - a ring of wizardry
Scrolls
 k - a scroll of noise {unknown}
 l - a scroll of fear {unknown}
 n - a scroll of identify {unknown}
 r - a scroll of teleportation {unknown}
Potions
 i - 2 potions of might {unknown}
 m - a potion of lignification {unknown}
 p - a potion of degeneration {unknown}


   Skills:
 * Level 3.1 Fighting
 - Level 2.0 Throwing
 + Level 3.4 Dodging
 + Level 0.1 Stealth
 + Level 4.8 Unarmed Combat


You had 4 spell levels left.
You didn't know any spells.
Your spell library was empty.

Dungeon Overview and Level Annotations

Branches:
Dungeon (3/15)

Altars:

Shops:
D:1 :   D:3 *


Innate Abilities, Weirdness & Mutations

You are immune to poison.
You have sharp fingernails.
Your flesh is cold resistant. (rC+)
You are immune to negative energy. (rN+++)
You do not regenerate when monsters are visible.
You are immune to unholy pain and torment.
You thrive by killing the living.


Message History

The ball python bites you. The ball python constricts you.
You barely miss the ball python. The ball python barely misses you.
The ball python constricts you.
You claw the ball python!
You kill the ball python!
The dart slug bites you but does no damage.
There is a large open door, spattered with blood here.
Things that are here:
a +0 hand axe; a +0 chain mail; the human corpse of Terence You scratch the dart slug.
The dart slug is heavily wounded.
You scratch the dart slug.
The dart slug is almost dead.
The dart slug briefly extends its eye-stalks.
The dart slug bites you but does no damage.
You claw the dart slug!
You kill the dart slug!
A kobold comes into view. It is wielding a +0 whip.
You see here a dart slug corpse.
The kobold shouts!
A centaur comes into view.
The centaur wields a +0 shortbow.
The centaur shoots an arrow.
The arrow completely misses you.
You see here a dart slug corpse.
The centaur shoots an arrow.
The arrow hits you!
The centaur shoots an arrow.
The arrow hits you!
* * * LOW HITPOINT WARNING * * *
There is a large open door, spattered with blood here.
Things that are here:
a +0 hand axe; a +0 chain mail; the human corpse of Terence
There is a large open door here.
There is an open door here.
You close the door.
A kobold opens the door.
The centaur shoots an arrow.
The arrow hits you.
The centaur shoots an arrow.
The arrow hits you.
* * * LOW HITPOINT WARNING * * *
The centaur shoots an arrow.
The arrow hits you.
* * * LOW HITPOINT WARNING * * *
The centaur shoots an arrow.
The arrow hits you!
You die...

#... #.##.#####.#
#...#########.......##.##
#............###.##.##.#. ####
#............# #.##.##.#. ...#
#............# #.##.##.#. ...#
#............# #.##.##.#.
...######............# #.##.##.#.
...##...#c....)......###.##.##.#.
..†cK...'..K....@....+.........+.
...##...#............###.#####.#.
....#...#.....####+### #.. #...
K.#.#...###...# #### ##..
..#+##### #...# #.# ...
.....#......... #.# ...
.....#.#####.#. #.# c.. .....#.#
..#+ #### #.


You could see a centaur and a kobold.

Vanquished Creatures
  Terence (D:3)
  Jessica (D:3)
  4 adders
  2 dart slugs
  A bat (D:2)
  5 endoplasms
  2 giant cockroaches
  A goblin (D:1)
  A hobgoblin (D:1)
  2 quokkas
  3 ball pythons
  7 kobolds
  A rat (D:2)
31 creatures vanquished.

Notes
Turn   | Place    | Note
-------+----------+-------------------------------------------
     0 | D:1      | Zorock the Ghoul Gladiator began the quest for the Orb.
     0 | D:1      | Reached XP level 1. HP: 17/17 MP: 0/0
    14 | D:1      | Found Vinot's Book Shop.
    74 | D:1      | Found a faded altar of an unknown god.
   286 | D:1      | Reached XP level 2. HP: 15/24 MP: 1/1
  1102 | D:2      | Reached XP level 3. HP: 26/30 MP: 2/2
  1150 | D:2      | Reached skill level 4 in Unarmed Combat
  1732 | D:3      | Found Famoixt's Assorted Antiques.
  1806 | D:3      | Reached XP level 4. HP: 35/37 MP: 3/3
  1814 | D:3      | Noticed Jessica
  1829 | D:3      | Killed Jessica
  1840 | D:3      | Noticed Terence
  1854 | D:3      | Killed Terence
  1855 | D:3      | Reached XP level 5. HP: 33/45 MP: 4/4
  1863 | D:3      | Noticed a centaur
  1879 | D:3      | Shot with an arrow by a centaur

Illustrated notes

Levels and vault maps discovered:
D:1:      erik_arrival_blinker_ship, layout_rooms,
          hellmonk_ecumenical_altar_inner_sanctum, serial_shops, shop
D:2:      layout_basic, basic_altar
D:3:      kennysheep_big_flooded_room, layout_basic,
          nicolae_qazlal_general_emergency, gammafunk_ghost_grave, serial_shops,
          nicolae_square_shop, uniq_jessica, uniq_sigmund, uniq_terence

Skill      XL: |  1  2  3  4 |
---------------+-------------+-----
Throwing       | 2 |  2.0
Dodging        | 3 |  3.4
Unarmed Combat | 4 |  4.8
Fighting       | 3 |  3.1
Stealth        | |  0.1

Action                     |  1- 3 |  4- 6 || total
---------------------------+-------+-------++-------
  Melee: Unarmed           |    90 |    30 ||   120
         Punch             |     4 |     1 ||     5
 Armour: Leather armour    |     7 |       ||     7
         Chain mail        |    14 |     9 ||    23
  Dodge: Dodged            |    57 |     9 ||    66

Table legend: (Time is in decaauts)
 A = Elapsed time spent in this place.
 B = Non-inter-level travel time spent in this place.
 C = Inter-level travel time spent in this place.
 D = Time resting spent in this place.
 E = Time spent auto-exploring this place.
 F = Levels seen in this place.
 G = Mean time per level.
                   A        B        C        D        E       F      G
               +--------+--------+--------+--------+--------+-----+--------+
         Total |   1869 |   1869 |      0 |    770 |     15 |   3 |  623.0 |
       Dungeon |   1869 |   1869 |      0 |    770 |     15 |   3 |  623.0 |
               +--------+--------+--------+--------+--------+-----+--------+

Top non-repeatable levels by time:
     D:2: 1249 daAuts
     D:1: 476 daAuts
     D:3: 143 daAuts
